 Dungeon Crawl Stone Soup version 0.31-a0-1074-g0b22e4e0f1 (webtiles) character file.

Game seed: 8172826353035432973

82 CowFu the Ruffian (level 4, -3/35 HPs)
             Began as a Draconian Shapeshifter on Dec 5, 2023.
             Was an Initiate of Gozag.
             Slain by Grinder (7 damage)
             ... on level 3 of the Dungeon.
             The game lasted 00:03:54 (1917 turns).

CowFu the Ruffian (Draconian Shapeshifter)          Turns: 1917, Time: 00:03:54

Health: -3/35      AC:  5    Str: 18    XL:     4   Next: 21%
Magic:  4/4        EV: 12    Int: 10    God:    Gozag
Gold:   109        SH:  0    Dex: 11    Spells: 3/3 levels left

rFire   . .          .
                       - Unarmed
rCold   . . .        (no shield)
rNeg    . . .        (body armour unavailable)
rPois   .            (helmet currently unavailable)
rElec   .            (cloak currently unavailable)
rCorr   .            (gloves currently unavailable)
SInv    .            (boots currently unavailable)
Will    .....        (no amulet)
Stlth   +            (no ring)
HPRegen 0.25/turn    (no ring)
MPRegen 0.09/turn

%: no passive effects
@: beast-form, attractive
A: beast (slay +2), AC +5, unfitting armour, cold-blooded
a: Begin Untransformation, Renounce Religion, Potion Petition, Call Merchant,
Bribe Branch


You were on level 3 of the Dungeon.
You worshipped Gozag.
Gozag was aware of your devotion.
You were a hulking beast.
You visited 1 branch of the dungeon, and saw 3 of its levels.

You collected 146 gold pieces.
You paid 37 gold pieces to Gozag.

Inventory:

Jewellery
 g - a ring of fire
Talismans
 b - a beast talisman
 c - a flux talisman
Scrolls
 d - a scroll of poison
 f - a scroll of teleportation
 j - a scroll of identify {unknown}
 k - a scroll of noise {unknown}
 l - a scroll of fear {unknown}
 n - a scroll of vulnerability {unknown}
Potions
 a - 3 potions of lignification


   Skills:
 - Level 1.1 Fighting
 - Level 1.7 Dodging
 + Level 4.1 Unarmed Combat
 + Level 4.0 Shapeshifting


You had 3 spell levels left.
You didn't know any spells.
Your spell library contained the following spells:

 Spells                   Type           Power      Damage    Failure   Level
 Slow                     Hex            0%         N/A       36%         1
 Confusing Touch          Hex            0%         N/A       75%         3
 Dazzling Flash           Conj/Hex       0%         N/A       75%         3
 Sigil of Binding         Hex            0%         N/A       75%         3
 Vampiric Draining        Necr           0%         2d6       75%         3
 Agony                    Necr           0%         N/A       100%        5
 Silence                  Hex/Air        0%         N/A       100%        5


Dungeon Overview and Level Annotations

Branches:
Dungeon (3/15)

Altars:
Ashenzari
Cheibriados
Fedhas
Gozag
Ru
Xom
Zin

Annotations:
D:3 Grinder


Innate Abilities, Weirdness & Mutations

You are a hulking beast.
Your limbs bulge with bestial killing power. (Slay +2)
Your plain brown scales are hard. (AC +5)
You cannot fit into any form of body armour.
You are cold-blooded and may be slowed by cold attacks.


Message History

Grinder blinks!
Grinder is attracted toward you.
It was a potion of enlightenment.
You feel very buoyant.
You fly up into the air.
Okay, then.
You hit Grinder.
Grinder is moderately wounded.
Grinder gestures at you.
You easily resist.
You punch Grinder!
You tail-slap Grinder, but do no damage.
Grinder is heavily wounded.
Grinder gestures at you. You resist with some effort.
You closely miss Grinder.
Grinder is heavily wounded.
You hit Grinder.
Grinder is severely wounded.
Grinder closely misses you.
You closely miss Grinder.
Your tail-slap misses Grinder.
Grinder is severely wounded.
Grinder hits you!
* * * LOW HITPOINT WARNING * * *
You writhe in agony.
* * * LOW HITPOINT WARNING * * *
You closely miss Grinder.
Grinder is severely wounded.
Grinder barely misses you.
It was a potion of curing.
You feel better. Grinder hits you.
* * * LOW HITPOINT WARNING * * *
You writhe in agony.
* * * LOW HITPOINT WARNING * * *
It was a potion of cancellation.
Your magical effects are unravelling.
You feel magically purged.
You float gracefully downwards.
Your enlightenment fades.
Grinder hits you!
You die...
Grinder says, "Now the real fun starts!"
Your body crumbles into a pile of gold.

#.........# #.# ##
########### #.# #.# #.#
####### #.# .....#
#.###### ##.#(#
#.#.....
#.#....#########.#.....
#....5h.......#.....###
#.#....#####........# #
##.#.# #........# #
#.#.# #...#.#.## # .
..# #####.#.# # ## ###
#.#.#### ##+#.....
##...##### ##.....####


You could see Grinder.

Vanquished Creatures
  Robin (D:2)
  An adder (D:3)
  A worm (D:2)
  2 dart slugs
  An orc (D:3)
  4 bats
  2 endoplasms
  A giant cockroach (D:1)
  11 goblins
  8 hobgoblins
  3 jackals (D:1)
  A quokka (D:3)
  4 ball pythons
  2 frilled lizards (D:2)
  4 kobolds
  3 rats
49 creatures vanquished.

Notes
Turn   | Place    | Note
-------+----------+-------------------------------------------
     0 | D:1      | CowFu the Draconian Shapeshifter began the quest for the
                  | Orb.
     0 | D:1      | Reached XP level 1. HP: 16/16 MP: 1/1
   257 | D:1      | Reached XP level 2. HP: 23/23 MP: 2/2
   641 | D:2      | Noticed Robin
   656 | D:2      | Reached XP level 3. HP: 16/28 MP: 3/3
   675 | D:2      | Killed Robin
   864 | D:2      | Found a faded altar of an unknown god.
  1169 | D:2      | Identified the +0 robe of the Zebrataur {*Corrode rElec
                  | rC+++ Archmagi}
  1205 | D:3      | Reached XP level 4. HP: 10/35 MP: 4/4
  1612 | D:3      | Found an opulent altar of Gozag.
  1613 | D:3      | Found a shimmering altar of Xom.
  1614 | D:3      | Found a sacrificial altar of Ru.
  1615 | D:3      | Found a snail-covered altar of Cheibriados.
  1615 | D:3      | Found a glowing silver altar of Zin.
  1616 | D:3      | Found a broken altar of Ashenzari.
  1617 | D:3      | Found a blossoming altar of Fedhas.
  1630 | D:3      | Became a worshipper of Gozag Ym Sagoz the Greedy
  1902 | D:3      | Noticed Grinder
  1917 | D:3      | Slain by Grinder

Illustrated notes

Levels and vault maps discovered:
D:1:      minmay_arrival_radiant_lines, layout_basic
D:2:      layout_rooms, dreamdust_ecumenical_altar_statues,
          nicolae_houndstooth_variations, uniq_robin
D:3:      layout_loops_corners, grunt_temple_overflow_open, minivault_5,
          uniq_grinder

Skill      XL: |  1  2  3  4 |
---------------+-------------+-----
Unarmed Combat | 4 |  4.1
Shapeshifting  | 4 |  4.0
Fighting       | |  1.1
Dodging        | |  1.7

Action                     |  1- 3 |  4- 6 || total
---------------------------+-------+-------++-------
  Melee: Unarmed           |   106 |    27 ||   133
         Tailslap          |    13 |     3 ||    16
         Punch             |     2 |     1 ||     3
    Use: Scroll            |       |     4 ||     4
         Potion            |       |     4 ||     4
   Stab: Sleeping          |     1 |       ||     1
 Armour: Skin              |    63 |    12 ||    75
  Dodge: Dodged            |    55 |    12 ||    67

Table legend: (Time is in decaauts)
 A = Elapsed time spent in this place.
 B = Non-inter-level travel time spent in this place.
 C = Inter-level travel time spent in this place.
 D = Time resting spent in this place.
 E = Time spent auto-exploring this place.
 F = Levels seen in this place.
 G = Mean time per level.
                   A        B        C        D        E       F      G
               +--------+--------+--------+--------+--------+-----+--------+
         Total |   1907 |   1889 |     18 |      0 |   1574 |   3 |  635.7 |
       Dungeon |   1907 |   1889 |     18 |      0 |   1574 |   3 |  635.7 |
               +--------+--------+--------+--------+--------+-----+--------+

Top non-repeatable levels by time:
     D:3: 741 daAuts
     D:1: 627 daAuts
     D:2: 539 daAuts
